 Dungeon Crawl Stone Soup version 0.31-a0-1068-g5939ac1 (webtiles) character file.

Game seed: 9130590569059470588

226 PurpleRed the Chopper (level 6, -2/55 HPs)
             Began as a Meteoran Fighter on Nov 22, 2023.
             Slain by a hobgoblin
             ... wielding a +0 club
              (4 damage)
             ... on level 3 of the Dungeon.
             The game lasted 00:05:24 (943 turns).

PurpleRed the Chopper (Meteoran Fighter)             Turns: 943, Time: 00:05:24

Health: -2/55      AC:  9    Str: 20    XL:     6   Next: 46%
Magic:  7/7        EV:  9    Int:  9    God:
Gold:   67         SH:  5    Dex: 14    Spells: 5/5 levels left

rFire   . . .        a - +0 war axe
rCold   . . .        c - +0 buckler
rNeg    . . .        b - +0 scale mail
rPois   .            n - +1 helmet
rElec   .            (no cloak)
rCorr   .            (no gloves)
SInv    .            (no boots)
Will    .....        (no amulet) Stlth
                     (no ring)
HPRegen 0.29/turn    (no ring)
MPRegen 0.10/turn

%: no passive effects
@: glowing
A: sense surroundings 1, otherworldly, glowing, explore regen
a: no special abilities


You were on level 3 of the Dungeon.
You visited 1 branch of the dungeon, and saw 3 of its levels.

You collected 67 gold pieces.

Inventory:

Hand Weapons
 a - a +0 war axe (weapon)
Missiles
 e - 2 javelins
 o - 5 poisoned darts
Armour
 b - a +0 scale mail (worn)
 c - a +0 buckler (worn)
 n - a +1 helmet (worn)
Scrolls
 f - a scroll of enchant weapon {unknown}
 g - a scroll of poison {unknown}
 i - 3 scrolls of amnesia {unknown}
 j - a scroll of noise {unknown}
 k - a scroll of vulnerability {unknown}
 l - 2 scrolls of identify {unknown}
 m - a scroll of fog {unknown}
Potions
 d - a potion of might
 h - 2 potions of magic {unknown}
 p - 2 potions of resistance {unknown}


   Skills:
 + Level 4.9 Fighting
 * Level 6.1 Axes
 - Level 3.2 Armour
 - Level 3.2 Shields


You had 5 spell levels left.
You didn't know any spells.
Your spell library was empty.

Dungeon Overview and Level Annotations

Branches:
Dungeon (3/15) Zot: 791

Altars:
Zin

Shops:
D:2 :(


Innate Abilities, Weirdness & Mutations

You passively map a small area around you.
You are easily found by Zot.
You glow in the dark.
You regain HP and MP as you explore.


Message History

The gnoll shouts!
The goblin shouts!
You hear a shout!
The gnoll hits you with a +0 club.
You slash the gnoll!
You kill the gnoll!
Your Axes skill increases to level 6!
A hobgoblin comes into view. It is wielding a +0 club.
The gnoll completely misses you.
Items here: $ ))) ††.
You hit the gnoll.
The gnoll is heavily wounded.
The gnoll hits you with a +0 club.
You hit the gnoll but do no damage.
The gnoll is heavily wounded.
The gnoll closely misses you. The goblin misses you.
The gnoll hits you with a +0 club!
You closely miss the gnoll.
The gnoll is moderately wounded.
You closely miss the goblin. The goblin completely misses you.
The gnoll hits you with a +0 club.
* * * LOW HITPOINT WARNING * * *
You hit the goblin.
The goblin is heavily wounded.
You hit the gnoll but do no damage. The goblin hits you with a +0 club.
* * * LOW HITPOINT WARNING * * *
The gnoll hits you but does no damage.
You slash the goblin!
You kill the goblin!
You slash the gnoll! The gnoll hits you with a +0 club.
* * * LOW HITPOINT WARNING * * *
The hobgoblin hits you with a +0 club.
* * * LOW HITPOINT WARNING * * *
The gnoll hits you with a +0 club.
* * * LOW HITPOINT WARNING * * *
Items here: )) ††.
You closely miss the hobgoblin. You hit the gnoll.
You kill the gnoll!
The hobgoblin hits you but does no damage.
A goblin comes into view. It is wielding a +0 club.
You completely miss the hobgoblin. The hobgoblin hits you with a +0 club.
You die...

################# ~
....))#.......... ,.# ,
~ .....)).......... .#
#######.......... ,..##g
* ..........###### .....
..........# ......
..........########......
#######.......$))g...# '
~ ......).....))))@....#
......#.........)....#
###################### ~
~ ~ ~ ~ * ~ ~ ~ ~~ ~ ~ ~
* * * *


You could see a hobgoblin and a goblin.

Vanquished Creatures
  Robin (D:3)
  7 gnolls (D:3)
  An adder (D:3)
  2 worms (D:3)
  3 dart slugs (D:1)
  4 orcs (D:3)
  4 ball pythons
  2 endoplasms
  32 goblins
  30 hobgoblins
  6 kobolds
  2 quokkas (D:3)
  3 bats
  4 frilled lizards (D:1)
  4 rats
105 creatures vanquished.

Notes
Turn   | Place    | Note
-------+----------+-------------------------------------------
     0 | D:1      | PurpleRed the Meteoran Fighter began the quest for the Orb.
     0 | D:1      | Reached XP level 1. HP: 19/19 MP: 2/2
    73 | D:1      | Reached XP level 2. HP: 26/26 MP: 3/3
    91 | D:1      | Reached skill level 3 in Axes
   224 | D:1      | Reached XP level 3. HP: 31/31 MP: 4/4
   426 | D:2      | Found Qotisur's Book Boutique.
   433 | D:2      | Found Lorrikib's Antique Weapon Emporium.
   479 | D:3      | Noticed Robin
   484 | D:3      | Reached skill level 4 in Axes
   486 | D:3      | Reached XP level 4. HP: 39/40 MP: 5/5
   492 | D:3      | Killed Robin
   536 | D:3      | Found a faded altar of an unknown god.
   540 | D:3      | Found a glowing silver altar of Zin.
   714 | D:3      | Reached XP level 5. HP: 37/46 MP: 6/6
   760 | D:3      | Reached skill level 5 in Axes
   876 | D:3      | Reached XP level 6. HP: 49/53 MP: 7/7
   935 | D:3      | Reached skill level 6 in Axes
   941 | D:3      | HP: 1/55 [gnoll/+0 club (5)]
   943 | D:3      | Slain by a hobgoblin

Illustrated notes

Levels and vault maps discovered:
D:1:      dpeg_arrival_round_a, layout_basic, minmay_misc_feat_ornament
D:2:      layout_basic, serial_shops, nicolae_shop_real_fake_doors, shop,
          hangedman_abyss_or_decor_stabs, kennysheep_generic_room_5
D:3:      minmay_goblin_kobold_castle, layout_loops_ring,
          nicolae_overflow_ecumenical_swirl, uniq_robin

Skill      XL: |  1  2  3  4  5  6 |
---------------+-------------------+-----
Axes           | 3 4 5 6 |  6.1
Fighting       | 4 |  4.9
Armour         | |  3.2
Shields        | |  3.2

Action                     |  1- 3 |  4- 6 || total
---------------------------+-------+-------++-------
  Melee: War axe           |    63 |   142 ||   205
 Armour: Scale mail        |    55 |   115 ||   170
  Dodge: Dodged            |    24 |    91 ||   115
  Block: Buckler           |    21 |    47 ||    68

Table legend: (Time is in decaauts)
 A = Elapsed time spent in this place.
 B = Non-inter-level travel time spent in this place.
 C = Inter-level travel time spent in this place.
 D = Time resting spent in this place.
 E = Time spent auto-exploring this place.
 F = Levels seen in this place.
 G = Mean time per level.
                   A        B        C        D        E       F      G
               +--------+--------+--------+--------+--------+-----+--------+
         Total |   1007 |   1007 |      0 |      0 |      0 |   3 |  335.7 |
       Dungeon |   1007 |   1007 |      0 |      0 |      0 |   3 |  335.7 |
               +--------+--------+--------+--------+--------+-----+--------+

Top non-repeatable levels by time:
     D:3: 544 daAuts
     D:1: 404 daAuts
     D:2: 58 daAuts
